AoeStats
← Champ

African Clearing

510840561Analyzed
4v4 RM · 21h ago on Oct 2, 2026· 55m 26s· 8 players
Game mode
Random Map
Map size
Large (8 player)
Population
200
Speed
Normal
Resources
Standard
Victory
Conquest
Starting age
Dark Age
Ending age
Imperial Age
RankedLock teamsTeams togetherTeam positionsShared explorationLock speedFull tech treeHidden civsTurbo modeCheats
Victory
Defeat
🇩🇪 Wei · Germany
1166
+11
🇩🇪 Berbers · Germany
1129
+12
🇩🇪 Malians · Germany
1060
+15
🇩🇪 Huns · Germany
1014
+17
🇳🇴 Saxons · Norway
1067
-15
🇳🇱 Cumans · Netherlands
1046
-14
🇩🇪 Persians · Germany
1035
-13
🇺🇸 Mongols · United States
1021
-13
PIGGI A MAND!!!
3:42 Loom
13:42 Feudal Age
14:18 Double-Bit Axe
19:47 Gold Mining
20:40 Horse Collar
25:20 Castle Age
23:46 Stone Mining
27:02 Gold Shaft Mining
28:25 Wheelbarrow
27:35 Town Watch
36:55 Imperial Age
34:40 Squires
34:57 Scale Mail Armor
35:08 Pikeman
35:58 Heavy Plow
36:13 Bow Saw
36:29 Forging
36:32 Husbandry
37:33 Bloodlines
37:08 Light Cavalry
38:31 Chain Mail Armor
39:16 Crop Rotation
38:54 Scale Barding Armor
39:44 Halberdier
43:09 Two-Man Saw
42:34 Hussar
44:35 Chain Barding Armor
44:46 Plate Mail Armor
45:28 Iron Casting
47:38 Onager
basvanhaalen
7:44 Loom
16:04 Feudal Age
22:36 Double-Bit Axe
22:44 Gold Mining
26:00 Castle Age
26:09 Crossbowman
28:16 Thumb Ring
28:05 Pikeman
28:46 Squires
32:54 Elite Skirmisher
43:33 Fletching
43:44 Padded Archer Armor
44:09 Ballistics
51:44 Bodkin Arrow
Champ
8:00 Loom
19:50 Feudal Age
23:25 Double-Bit Axe
28:52 Wheelbarrow
33:44 Castle Age
35:50 Stone Mining
35:47 Man-at-Arms
45:33 Gold Mining
46:17 Horse Collar
48:56 Gold Shaft Mining
50:24 Husbandry
50:35 Bloodlines
50:51 Husbandry
51:19 Husbandry
51:29 Bloodlines
52:45 Scale Barding Armor
52:51 Forging
Dirty Dan
13:53 Feudal Age
13:54 Loom
17:06 Scale Barding Armor
17:43 Bloodlines
23:39 Horse Collar
23:47 Double-Bit Axe
31:28 Castle Age
30:35 Stone Mining
34:39 Bow Saw
35:56 Wheelbarrow
36:45 Fletching
39:45 Bodkin Arrow
39:52 Padded Archer Armor
40:51 Husbandry
41:16 Hand Cart
41:10 Town Watch
43:29 Heavy Plow
44:02 Leather Archer Armor
45:19 Nomads
45:47 Pikeman
46:28 Squires
47:17 Scale Mail Armor
46:41 Pikeman
47:57 Ballistics
51:10 Imperial Age
49:23 Masonry
50:23 Squires
52:08 Bracer
Miss_Mulberry
12:38 Loom
14:24 Feudal Age
16:15 Double-Bit Axe
17:07 Horse Collar
20:52 Castle Age
21:29 Scale Mail Armor
21:40 Forging
21:21 Fletching
23:49 Bow Saw
24:43 Tigui
26:32 Chain Mail Armor
30:50 Ballistics
33:48 Padded Archer Armor
33:59 Bodkin Arrow
33:48 Elite Skirmisher
42:55 Imperial Age
41:29 Leather Archer Armor
44:09 Plate Mail Armor
44:15 Iron Casting
49:49 Ring Archer Armor
53:59 Conscription
doneflamingo
3:36 Loom
12:25 Feudal Age
17:04 Double-Bit Axe
19:16 Fletching
29:28 Castle Age
36:22 Scale Barding Armor
37:26 Bloodlines
39:27 Wheelbarrow
40:05 Bodkin Arrow
41:27 Padded Archer Armor
42:58 Hand Cart
43:06 Bow Saw
44:12 Husbandry
47:56 Imperial Age
45:46 Husbandry
46:16 Scale Mail Armor
46:29 Forging
47:09 Chain Barding Armor
47:16 Leather Archer Armor
48:29 Iron Casting
47:55 Town Watch
49:39 Conscription
49:52 Heavy Camel Rider
51:47 Bracer
51:51 Kasbah
53:05 Plate Barding Armor
55:53 Blast Furnace
55:23 Ring Archer Armor
55:27 Maghrebi Camels
Sunny_Flower
9:39 Loom
12:28 Feudal Age
18:37 Castle Age
28:05 Bloodlines
30:01 Double-Bit Axe
31:19 Horse Collar
32:41 Bow Saw
32:47 Heavy Plow
36:47 Husbandry
37:13 Scale Barding Armor
37:19 Forging
38:41 Wheelbarrow
40:01 Hand Cart
39:31 Town Watch
40:57 Iron Casting
40:43 Chain Barding Armor
41:17 Gold Mining
41:18 Stone Mining
46:36 Imperial Age
47:56 Gold Shaft Mining
47:29 Marauders
47:21 Cavalier
54:20 Masonry
astig_aoe
10:01 Loom
13:24 Feudal Age
23:25 Castle Age
22:51 Bloodlines
23:06 Double-Bit Axe
30:08 Scale Barding Armor
31:31 Forging
34:11 Chain Barding Armor
35:12 Wheelbarrow
35:29 Horse Collar
36:08 Husbandry
38:07 Iron Casting
49:27 Imperial Age
48:02 Fletching
48:13 Padded Archer Armor
48:55 Elite Skirmisher
51:44 Bow Saw
52:55 Blast Furnace
52:21 Conscription
52:49 Bodkin Arrow
54:31 Bracer
54:59 Leather Archer Armor
Connection lost

Rejoining the realm…

Still unreachable

The connection could not be restored.

Session expired

The server has moved on; the page needs a fresh start.